 Seeded DCSS version 0.31.0-2-g5a2aebc5c2 (webtiles) character file.

Game seed: 2225198628417963733 (custom seed)

88660 Pooter the Executioner (level 15, -2/136 HPs)
             Began as a Minotaur Berserker on Jan 20, 2024.
             Was an Elder of Trog.
             Shot with an arrow by a deep elf archer (11 damage)
             ... on level 13 of the Dungeon.
             The game lasted 01:57:06 (31645 turns).

Pooter the Executioner (Minotaur Berserker)        Turns: 31645, Time: 01:57:06

Health: -2/136     AC: 24    Str: 25    XL:     15   Next: 47%
Magic:  14/14      EV:  8    Int:  6    God:    Trog [****..]
Gold:   1462       SH:  0    Dex: 13    Spells: 14/14 levels left

rFire   + . .        b - +1 hand cannon (heavy)
rCold   . . .        (no shield)
rNeg    . . .        M - +4 plate armour {rPois}
rPois   +            (helmet unavailable)
rElec   .            w - +1 cloak {Will+}
rCorr   +            T - +0 pair of gloves
SInv    +            x - +0 pair of boots
Will    +++..        O - amulet of Peucoyh {Acrobat Str-2 Dex+3 Slay+2} Stlth
                     (no ring)
HPRegen 0.42/turn    P - ring of the Prince {Will+ rCorr SInv}
MPRegen 0.14/turn

%: acrobat
@: studying Axes
A: horns 3, retaliatory headbutt, fire resistance 1
a: Renounce Religion, Berserk, Trog's Hand, Brothers in Arms


You were on level 13 of the Dungeon.
You worshipped Trog.
Trog was greatly pleased with you.
You visited 3 branches of the dungeon, and saw 20 of its levels.

You collected 2043 gold pieces.
You spent 581 gold pieces at shops.

Inventory:

Hand Weapons
 a - a +2 heavy executioner's axe
   (You acquired it on level 4 of the Dungeon)
 b - a +1 heavy hand cannon (weapon)
   (You found it on level 3 of the Dungeon)
 m - a +4 battleaxe of freezing
   (You took it off Urug on level 4 of the Lair of Beasts)
 n - a +1 dire flail of protection
   (You took it off Edmund on level 4 of the Dungeon)
 o - a +0 battleaxe of draining
   (You took it off a wight on level 8 of the Dungeon)
 H - the +7 battleaxe of Nightmares {flame, rF- Dex+6}
   (You bought it in a shop on level 6 of the Dungeon)

   Dex+6:     It affects your dexterity (+6).
   rF-:       It makes you vulnerable to fire.
 N - a +5 battleaxe of venom
   (You took it off Rupert on level 4 of the Lair of Beasts)
Missiles
 h - 8 javelins
 j - 24 poisoned darts
 p - 22 boomerangs
 v - 2 curare-tipped darts
 E - 5 atropa-tipped darts
 Q - 210 stones
Armour
 w - a +1 cloak of willpower (worn)
   (You acquired it on level 3 of the Lair of Beasts)
 x - a +0 pair of boots (worn)
   (You found it on level 9 of the Dungeon)
 M - a +4 plate armour of poison resistance (worn)
   (You found it on level 11 of the Dungeon)
 T - a +0 pair of gloves (worn)
   (You found it on level 3 of the Lair of Beasts)
 W - a +2 chain mail of cold resistance
   (You took it off an orc knight on level 2 of the Orcish Mines)
Jewellery
 F - a ring of protection from fire
   (You found it on level 13 of the Dungeon)
 G - an amulet of guardian spirit
   (You found it on level 7 of the Dungeon)
 I - a ring of protection from cold
   (You found it on level 8 of the Dungeon)
 O - the amulet of Peucoyh (around neck) {Acrobat Str-2 Dex+3 Slay+2}
   (You found it on level 2 of the Lair of Beasts)

   [amulet of the acrobat]

   Acrobat:   It increases your evasion while moving and waiting.
   Str-2:     It affects your strength (-2).
   Dex+3:     It affects your dexterity (+3).
   Slay+2:    It affects your accuracy & damage with ranged weapons and melee
   (+2).
 P - the ring of the Prince (right hand) {Will+ rCorr SInv}
   (You acquired it on level 8 of the Dungeon)

   [ring of willpower]

   Will+:     It increases your willpower.
   SInv:      It lets you see invisible.
   rCorr:     It protects you from acid and corrosion.
 V - a +5 ring of evasion
   (You found it on level 4 of the Lair of Beasts)
Wands
 d - a wand of iceblast (13)
   (You found it on level 1 of the Lair of Beasts)
 f - a wand of flame (11)
   (You found it on level 6 of the Dungeon)
 s - a wand of mindburst (5)
   (You found it on level 5 of the Lair of Beasts)
 u - a wand of paralysis (5)
   (You found it on level 11 of the Dungeon)
 y - a wand of polymorph (6)
   (You took it off a gnoll on level 10 of the Dungeon)
 D - a wand of digging (7)
   (You found it on level 12 of the Dungeon)
 K - a wand of light (6)
   (You found it on level 9 of the Dungeon)
Scrolls
 g - 3 scrolls of revelation
 i - 3 scrolls of identify {@r1}
 r - 2 scrolls of summoning
 t - 5 scrolls of teleportation {@r4}
 J - 2 scrolls of fear
 S - 2 scrolls of immolation {!r}
 U - 2 scrolls of fog
 X - a scroll of blinking
 Y - a scroll of poison
Potions
 c - 7 potions of curing {@q1}
 e - 2 potions of heal wounds {@q2}
 k - a potion of enlightenment
 l - 5 potions of mutation {!q}
 q - 2 potions of lignification {!q}
 z - 2 potions of attraction {!q}
 A - 2 potions of cancellation
 B - a potion of haste {@q3}
 C - 2 potions of resistance
 L - 3 potions of might
 R - a potion of invisibility


   Skills:
 + Level 13.6 Fighting
 + Level 22.9 Axes
 - Level 18.0 Ranged Weapons
 * Level 10.6 Armour
 - Level 2.1 Dodging
 + Level 5.3 Evocations


You had 14 spell levels left.
You didn't know any spells.
Your spell library was empty.

Dungeon Overview and Level Annotations

Branches:
Dungeon (13/15) Zot: 25985  Temple (0/1) D:6            Lair (5/5) D:11 Zot: 20452
 Shoals (0/4) Lair:2        Snake (0/4) Lair:3        Slime (0/5) Lair:5
    Orc (2/2) D:12 Zot: 6537     Elf (0/3) Orc:2
 Vaults: D:13-14

Altars:
Ashenzari
Fedhas
Gozag
Hepliaklqana
Kikubaaqudgha
Makhleb
Nemelex Xobeh
Qazlal
Ru
Sif Muna
Wu Jian
Xom
Zin
The Shining One
Lugonu

Shops:
D:4 =   D:6 ((   D:9 :   Orc:2 [[[:[?

Portals:
Abyss: Lair:5


Innate Abilities, Weirdness & Mutations

You have a pair of large horns on your head.
You reflexively headbutt those who attack you in melee.
Your flesh is heat resistant. (rF+)


Message History

You are too injured to fight recklessly!
You are too injured to fight recklessly!
Fire: b) +1 hand cannon (heavy)
Press: ? - help, Q - select action, (/) - cycle Shift-Dir - straight line, f/p - deep elf archer
Aim: a deep elf archer, wielding a +0 longbow and wearing a +0 leather armour (heavily wounded, repelling missiles, 29% to hit)
You shoot a bolt.
The bolt barely misses the deep elf archer.
The deep elf archer shoots an arrow.
The arrow hits you!!
* * * LOW HITPOINT WARNING * * *
Fire: b) +1 hand cannon (heavy)
Press: ? - help, Q - select action, (/) - cycle Shift-Dir - straight line, f/p - deep elf archer
Aim: a deep elf archer, wielding a +0 longbow and wearing a +0 leather armour (heavily wounded, repelling missiles, 29% to hit)
You shoot a bolt.
The bolt closely misses the deep elf archer.
You feel the effects of Trog's Hand fading.
The deep elf archer shoots an arrow.
The arrow barely misses you.
Fire: b) +1 hand cannon (heavy)
Press: ? - help, Q - select action, (/) - cycle Shift-Dir - straight line, f/p - deep elf archer
Aim: a deep elf archer, wielding a +0 longbow and wearing a +0 leather armour (heavily wounded, repelling missiles, 29% to hit)
You shoot a bolt. The bolt hits the deep elf archer!
The deep elf archer shoots an arrow.
The arrow hits you.
* * * LOW HITPOINT WARNING * * *
Unknown command.
Fire: b) +1 hand cannon (heavy)
Press: ? - help, Q - select action, (/) - cycle Shift-Dir - straight line, f/p - deep elf archer
Aim: a deep elf archer, wielding a +0 longbow and wearing a +0 leather armour (almost dead, repelling missiles, 29% to hit)
You shoot a bolt.
The bolt barely misses the deep elf archer.
The deep elf archer shoots an arrow.
The arrow hits you!
* * * LOW HITPOINT WARNING * * *
The deep elf archer shoots an arrow.
The arrow hits you!
* * * LOW HITPOINT WARNING * * *
Fire: b) +1 hand cannon (heavy)
Press: ? - help, Q - select action, (/) - cycle Shift-Dir - straight line, f/p - deep elf archer
Aim: a deep elf archer, wielding a +0 longbow and wearing a +0 leather armour (almost dead, repelling missiles, 29% to hit)
You shoot a bolt.
The bolt closely misses the deep elf archer.
Your skin stops crawling.
You feel less strong-willed.
The deep elf archer shoots an arrow.
The arrow hits you!
* * * LOW HITPOINT WARNING * * *
The deep elf archer shoots an arrow.
The arrow barely misses you.
Fire: b) +1 hand cannon (heavy)
Press: ? - help, Q - select action, (/) - cycle Shift-Dir - straight line, f/p - deep elf archer
Aim: a deep elf archer, wielding a +0 longbow and wearing a +0 leather armour (almost dead, repelling missiles, 29% to hit)
You shoot a bolt.
The bolt barely misses the deep elf archer.
The deep elf archer shoots an arrow.
The arrow hits you!
* * * LOW HITPOINT WARNING * * *
The deep elf archer shoots an arrow.
The arrow hits you!
You die...

#####.##.......##
#...............# #
#.###.##.......##
#.##.###.###.....##
#........# ##.÷.##
#)##.#######...## #.#.#
##.....## .#.###°.#
##.......## ......°@#
#.........###
.~~~~.§....+........>'..
~~≈≈≈~..####.........###
~≈≈≈≈≈~.# ##......<####
~≈≈≈≈≈≈.# ##.....###..
###ep#### ##...## #..
#.. ##+## #.. #.. ### #


You could see a vault guard and a deep elf archer (repels missiles).

Vanquished Creatures
  Rupert (Lair:4)
  Jorgrun (D:12)
  Kirke (Lair:5)
  Nessos (Lair:4)
  Snorg (Orc:1)
  An ettin (D:12)
  Harold (Orc:1)
  Erolcha (D:12)
  A centaur warrior (D:11)
  4 hydras
  The ghost of badatdcss the Fighter, a novice MiFi of the Shining One (D:9)
  2 two-headed ogres
  The ghost of Plazmod the Destroyer, a journeyman DECj of Vehumet (D:12)
  A boulder beetle (D:13)
  15 death yaks
  3 tengu warriors
  4 thrashing horrors (Lair:5)
  3 orc high priests (Orc:2)
  Urug (Lair:4)
  A fire crab (Lair:5)
  2 skysharks
  A deep elf archer (D:11)
  An obsidian statue (D:12)
  4 orc knights (Orc:2)
  4 large abominations (Lair:5)
  2 manticores
  4 orc sorcerers (Orc:2)
  5 ugly things
  7 cyclopes
  2 kobold blastminers (Orc:2)
  4 black mambas
  2 smoke demons (Lair:5)
  7 gargoyles
  2 unseen horrors (D:11)
  6 cane toads
  An efreet (D:12)
  3 rime drakes
  10 komodo dragons
  10 trolls
  8 polar bears
  A raiju (Lair:5)
  36 blink frogs
  Sigmund (D:4)
  8 slime creatures (D:12)
  2 spriggans (Lair:5)
  44 yaks
  2 shadows
  A culicivora (shapeshifter) (Lair:5)
  12 small abominations (Lair:5)
  A ynoxinul (Lair:5)
  2 hogs (Lair:5)
  6 wyverns
  2 wargs
  2 steam dragons
  5 vampire mosquitoes
  8 basilisks
  Edmund (D:4)
  2 acid dragons
  2 chaos spawn (Lair:5)
  17 water moccasins
  Duvessa (D:7)
  11 orc warriors
  2 black bears
  34 wolves
  4 ogres
  6 centaurs
  A phantom (D:5)
  4 kobold brigands
  10 bullfrogs
  2 gnoll sergeants
  4 scorpions
  6 wights
  Dowan (D:7)
  4 howler monkeys
  A jelly (D:8)
  7 hounds
  25 orc priests
  3 iguanas
  28 orc wizards
  8 adders
  10 gnolls
  A shadow imp (D:7)
  4 ufetubi
  3 dart slugs
  8 ribbon worms
  45 orcs
  6 ball pythons
  7 endoplasms
  5 giant cockroaches
  5 hobgoblins
  5 quokkas
  10 bats
  3 frilled lizards (D:1)
  9 goblins
  18 kobolds
  6 rats
592 creatures vanquished.

Vanquished Creatures (others)
  A human (Lair:5)
  A wolf (Lair:5)
2 creatures vanquished.

Grand Total: 594 creatures vanquished

Notes
Turn   | Place    | Note
-------+----------+-------------------------------------------
     0 | D:1      | Pooter the Minotaur Berserker began the quest for the Orb.
     0 | D:1      | Reached XP level 1. HP: 19/19 MP: 0/0
   144 | D:1      | Reached skill level 4 in Axes
   226 | D:1      | Reached XP level 2. HP: 27/27 MP: 1/1
   469 | D:1      | Reached ** piety under Trog
   614 | D:1      | Reached XP level 3. HP: 30/33 MP: 2/2
   901 | D:2      | Found the +5 robe of Misfortune {Harm *Corrode *Slow EV+5}
  1164 | D:2      | Reached skill level 5 in Axes
  1240 | D:2      | Reached skill level 1 in Ranged Weapons
  1240 | D:2      | Reached XP level 4. HP: 36/41 MP: 3/3
  1774 | D:3      | Gained mutation: You are somewhat resistant to further
                  | mutation. [potion of mutation]
  1775 | D:3      | Reached skill level 10 in Axes
  1775 | D:3      | Reached XP level 5. HP: 47/47 MP: 4/4
  2023 | D:3      | Reached skill level 11 in Axes
  2259 | D:3      | Reached XP level 6. HP: 46/53 MP: 5/5
  2896 | D:3      | Found a faded altar of an unknown god.
  3044 | D:4      | Identified a scroll of acquirement
  3044 | D:4      | Acquired a +2 heavy executioner's axe
  3111 | D:4      | Reached *** piety under Trog
  3167 | D:4      | Reached XP level 7. HP: 60/60 MP: 6/6
  3235 | D:4      | Reached skill level 5 in Fighting
  3742 | D:4      | Found Dulo's Jewellery Shop.
  3755 | D:4      | Found a stormy altar of Qazlal.
  3886 | D:4      | Noticed Sigmund
  3888 | D:4      | Noticed Edmund
  3891 | D:4      | Killed Sigmund
  3897 | D:4      | Killed Edmund
  3898 | D:4      | Reached XP level 8. HP: 43/69 MP: 7/7
  4095 | D:4      | Found a glowing golden altar of the Shining One.
  4216 | D:5      | Entered Level 5 of the Dungeon
  4659 | D:5      | Reached skill level 10 in Ranged Weapons
  5345 | D:6      | Reached skill level 12 in Axes
  5516 | D:6      | Found a staircase to the Ecumenical Temple.
  5563 | D:6      | Found Fuffoth's Weapon Shop.
  5658 | D:6      | Found Yxtaxkedo's Antique Weapon Emporium.
  5763 | D:7      | Noticed Duvessa
  5763 | D:7      | Noticed Dowan
  5767 | D:7      | Killed Dowan
  5769 | D:7      | Killed Duvessa
  5773 | D:7      | Noticed a komodo dragon
  5847 | D:7      | Killed a komodo dragon
  5848 | D:7      | Reached XP level 9. HP: 75/75 MP: 8/8
  5907 | D:7      | Found a sparkling altar of Nemelex Xobeh.
  5951 | D:7      | Reached **** piety under Trog
  6795 | D:7      | Reached skill level 14 in Axes
  6795 | D:7      | Reached XP level 10. HP: 84/84 MP: 9/9
  7486 | D:8      | Acquired the ring of the Prince {Will+ rCorr SInv}
  7671 | D:8      | Reached skill level 15 in Axes
  8275 | D:8      | Found a blossoming altar of Fedhas.
  8525 | D:8      | Found an ornate altar of the Wu Jian Council.
  8845 | D:9      | Found a sacrificial altar of Ru.
  8882 | D:9      | Found a runed translucent door.
  8886 | D:9      | Noticed badatdcss's ghost (novice MiFi)
  8899 | D:9      | Killed badatdcss's ghost
  9169 | D:9      | Identified the staff "Hugiguof" {^Drain rPois rCorr Int+3
                  | Conj}
  9258 | D:9      | Found a broken altar of Ashenzari.
  9265 | D:9      | Reached XP level 11. HP: 92/92 MP: 10/10
  9483 | D:9      | Found Vogrut's Book Emporium.
  9535 | D:9      | Found a hazy altar of Hepliaklqana.
  9541 | D:9      | Found a shimmering altar of Xom.
  9546 | D:9      | Found an ancient bone altar of Kikubaaqudgha.
  9670 | D:9      | Found a shimmering blue altar of Sif Muna.
  9772 | D:10     | Entered Level 10 of the Dungeon
  9831 | D:10     | Noticed a cyan ugly thing
  9835 | D:10     | Killed a cyan ugly thing
 10148 | D:10     | Found a burning altar of Makhleb.
 10222 | D:10     | Noticed a two-headed ogre
 10227 | D:10     | Killed a two-headed ogre
 10286 | D:10     | Found a glowing silver altar of Zin.
 10418 | D:10     | Found an opulent altar of Gozag.
 10852 | D:11     | Reached skill level 16 in Axes
 11126 | D:11     | Noticed a centaur warrior
 11131 | D:11     | Killed a centaur warrior
 11150 | D:11     | Identified the ring "Keeloj" {Fire Int+6}
 11150 | D:11     | Noticed a tengu warrior
 11160 | D:11     | Killed a tengu warrior
 11262 | D:11     | Noticed a deep elf archer
 11266 | D:11     | Noticed a two-headed ogre
 11275 | D:11     | Killed a two-headed ogre
 11279 | D:11     | Killed a deep elf archer
 11441 | D:11     | Reached XP level 12. HP: 64/103 MP: 4/11
 11743 | D:11     | Reached skill level 17 in Axes
 11743 | D:11     | Reached skill level 15 in Ranged Weapons
 11877 | D:11     | Noticed a boulder beetle
 12131 | D:11     | Found a staircase to the Lair.
 12375 | D:6      | Bought a slimy battleaxe for 333 gold pieces
 12375 | D:6      | Identified the +7 battleaxe of Nightmares {flame, rF-
                  | Dex+6} (You bought it in a shop on level 6 of the Dungeon)
 13330 | Lair:1   | Entered Level 1 of the Lair of Beasts
 14122 | Lair:1   | Reached skill level 10 in Fighting
 14139 | Lair:1   | Acquired a manual of Axes
 14777 | Lair:2   | Reached skill level 18 in Axes
 14913 | Lair:2   | You fall into a shaft and drop 1 floor!
 15148 | Lair:2   | Reached XP level 13. HP: 113/113 MP: 12/12
 15618 | Lair:2   | Identified the amulet of Peucoyh {Acrobat Str-2 Dex+3
                  | Slay+2}
 15703 | Lair:2   | Found a staircase to the Shoals.
 16196 | Lair:3   | Reached skill level 19 in Axes
 16335 | Lair:3   | Found a staircase to the Snake Pit.
 17089 | Lair:3   | Acquired a +1 cloak of willpower
 17551 | Lair:4   | Reached skill level 20 in Axes
 17768 | Lair:4   | Noticed Urug
 17773 | Lair:4   | Noticed Rupert
 17789 | Lair:4   | Killed Rupert
 17826 | Lair:4   | Killed Urug
 18502 | Lair:4   | Noticed Nessos
 18513 | Lair:4   | Killed Nessos
 18514 | Lair:4   | Reached skill level 21 in Axes
 18881 | Lair:5   | Entered Level 5 of the Lair of Beasts
 18971 | Lair:5   | Noticed Kirke
 18977 | Lair:4   | Reached XP level 14. HP: 125/125 MP: 13/13
 19073 | Lair:5   | Reached skill level 1 in Evocations
 19074 | Lair:5   | Killed Kirke
 19326 | Lair:5   | Found a staircase to the Slime Pits.
 19880 | Lair:5   | Reached skill level 5 in Armour
 22408 | Lair:5   | Reached skill level 22 in Axes
 22534 | Lair:5   | Found a corrupted altar of Lugonu.
 22534 | Lair:5   | Found a one-way gate to the infinite horrors of the Abyss.
 22767 | D:12     | Lost mutation: You are somewhat resistant to further
                  | mutation. [potion of mutation]
 22767 | D:12     | Gained mutation: Your flesh is heat resistant. (rF+)
                  | [potion of mutation]
 22767 | D:12     | Gained mutation: You have a pair of large horns on your
                  | head. [potion of mutation]
 22808 | D:12     | Found a runed translucent gate.
 22809 | D:12     | Found a runed translucent gate.
 22809 | D:12     | Found an opulent altar of Gozag.
 22810 | D:12     | Found a runed translucent gate.
 22815 | D:12     | Noticed Plazmod's ghost (journeyman DECj)
 23119 | D:12     | Noticed Jorgrun
 23125 | D:12     | Killed Jorgrun
 24108 | D:12     | Found a staircase to the Orcish Mines.
 24133 | D:12     | Noticed Erolcha
 24143 | D:12     | Killed Erolcha
 24144 | D:12     | Reached XP level 15. HP: 117/134 MP: 14/14
 24584 | D:12     | Killed Plazmod's ghost
 25263 | Orc:1    | Entered Level 1 of the Orcish Mines
 25643 | Orc:1    | Noticed Harold
 25649 | Orc:1    | Killed Harold
 26302 | Orc:2    | Entered Level 2 of the Orcish Mines
 26302 | Orc:2    | Noticed Snorg
 26312 | Orc:1    | Killed Snorg
 27219 | Orc:2    | Found Vetoxtor's Antique Armour Emporium.
 27619 | Orc:2    | Found a staircase to the Elven Halls.
 27680 | Orc:2    | Found Ecodgh's Self-Improvement Boutique.
 29327 | Orc:2    | Reached skill level 10 in Armour
 29855 | Orc:2    | Reached skill level 5 in Evocations
 30527 | Orc:2    | Found Witex's Magic Scroll Shop.
 30532 | Orc:2    | Found Ukefyext's Antique Armour Emporium.
 30536 | Orc:2    | Bought a scroll of identify for 32 gold pieces
 30536 | Orc:2    | Bought a scroll of identify for 32 gold pieces
 30536 | Orc:2    | Bought a scroll of blinking for 120 gold pieces
 30536 | Orc:2    | Bought a scroll of poison for 64 gold pieces
 30540 | Orc:2    | Found Keppeemn's Antique Armour Emporium.
 30542 | Orc:2    | Found Qoliut's Armour Shop.
 31645 | D:13     | Shot with an arrow by a deep elf archer

Illustrated notes

Levels and vault maps discovered:
D:1:      lemuel_arrival_room, layout_basic, corexii_corridor_pit, st_stairs_1,
          nicolae_concentric_dashed_squares_mild, minmay_distorted
D:2:      layout_loops_ring, nicolae_wormholes
D:3:      layout_basic, chequers_ecumenical_altar_lobes, dk_vineyard_3,
          st_stairs_5
D:4:      layout_loops_ring, nicolae_tso_swordbearing_angel,
          nicolae_qazlal_eye_of_the_storm, serial_shops, shop,
          sigmund_edmund_badplayer
D:5:      layout_basic, corexii_corridor_pit, hangedman_glass_teeth
D:6:      layout_rooms, temple_statues, serial_shops, shop,
          kennysheep_little_box
D:7:      layout_gridville, kennysheep_mini_moat, uniq_duvessa
D:8:      layout_layer_cave, nzn_wu_jian_contemplation, fedhas_altar_1
D:9:      layout_loops_ring, evilmike_ruin_ashenzari,
          mainiacjoe_overflow_cross_hatched, general_overflow_altar,
          minmay_overflow_temple_star_quad, ebering_ghost_reflecting_pool,
          serial_shops, shop
D:10:     layout_irregular_city, mainiacjoe_overflow_concentric_impassable,
          nicolae_gozag_seed_capital, zin_scriptorium
D:11:     nicolae_hexawheel, layout_layer_cave, lair_entry_dummy,
          minmay_circle_x
D:12:     layout_cave_pools, david_orc_3, ebering_ghost_gozag,
          minmay_microvault, uniq_erolcha, uniq_jorgrun
D:13:     layout_loops_corners, grunt_vaults_entry_fortified, bh_circular_ruins
Lair:1:   layout_cave_pods
Lair:2:   layout_hall_layers, elwin_shoals_entry_rocks
Lair:3:   layout_roguey, minmay_snake_entry_six_corridors, hibernation_bobbens
Lair:4:   layout_hall_layers, beast_lair_carwin_10, uniq_urug, uniq_rupert,
          uniq_nessos
Lair:5:   hellmonk_lair_end_abyssal_woods, layout_long_grid, slime_entry_1,
          grunt_megastairs_5, uniq_kirke
Orc:1:    layout_caves, nicolae_orc_beogh_chapel, uniq_harold
Orc:2:    st_orc_elflike, layout_caves, serial_shops, shop,
          nicolae_shop_self_help, uniq_snorg

Skill      XL: |  1  2  3  4  5  6  7  8  9 10 11 12 13 14 15 |
---------------+----------------------------------------------+-----
Axes           | 4 5 10 11 12 14 15 16 18 21 22 | 22.9
Fighting       | 4 5 6 7 8 10 11 12 13 | 13.6
Ranged Weapons | 1 8 9 10 12 13 14 16 17 18 | 18.0
Armour         | 3 8 10 | 10.6
Evocations     | 4 5 |  5.3
Dodging        | |  2.1

Action                     |  1- 3 |  4- 6 |  7- 9 | 10-12 | 13-15 || total
---------------------------+-------+-------+-------+-------+-------++-------
  Melee: Hand axe          |    78 |    58 |     3 |       |       ||   139
         Headbutt          |     9 |    12 |    11 |    41 |    69 ||   142
         Executioner's axe |       |     8 |    61 |    48 |   240 ||   357
         Broad axe         |       |       |    22 |     6 |       ||    28
         Battleaxe         |       |       |       |   155 |   152 ||   307
   Fire: Sling             |    12 |    29 |       |       |       ||    41
         Hand cannon       |       |    15 |    58 |   125 |   288 ||   486
  Throw: Dart              |       |     2 |       |     1 |     1 ||     4
 Invoke: Trog's Hand       |       |     4 |     5 |    18 |    27 ||    54
         Berserk           |       |     3 |     3 |     8 |    11 ||    25
  Evoke: Wand              |       |       |       |       |    10 ||    10
    Use: Scroll            |     2 |     5 |     1 |    11 |    18 ||    37
         Potion            |       |     3 |     2 |       |     4 ||     9
   Stab: Paralysed         |       |       |       |       |     5 ||     5
 Armour: Animal skin       |    13 |       |       |       |       ||    13
         Ring mail         |    26 |    39 |    29 |       |       ||    94
         Plate armour      |       |       |   129 |   298 |   572 ||   999
  Dodge: Dodged            |    49 |    30 |    94 |    76 |   219 ||   468
